AoeStats
← Infadel

Arabia

510462355Analyzed
1v1 RM · 1d ago on Oct 1, 2026· 27m 18s· 2 players
Game mode
Random Map
Map size
Tiny (2 player)
Population
200
Speed
Normal
Resources
Standard
Victory
Conquest
Starting age
Dark Age
Ending age
Imperial Age
RankedLock teamsTeams togetherTeam positionsShared explorationLock speedFull tech treeHidden civsTurbo modeCheats
Victory
Defeat
🇦🇷 Celts · Argentina
1076
+17
🇮🇳 Mongols · India
1087
-17
jaimetuisteres
15:41 Feudal Age
22:42 Loom
26:03 Castle Age
Infadel
9:19 Feudal Age
7:36 Loom
17:02 Forging
19:32 Fletching
21:17 Double-Bit Axe
21:15 Horse Collar
22:26 Gold Mining
22:27 Stone Mining
25:20 Castle Age
23:24 Padded Archer Armor
27:04 Bow Saw
27:09 Bodkin Arrow
Connection lost

Rejoining the realm…

Still unreachable

The connection could not be restored.

Session expired

The server has moved on; the page needs a fresh start.